 Dungeon Crawl Stone Soup version 0.26.1-2-gb8aa6d0cf2 (webtiles) character file.

Game seed: 12446141932384040352

982 funkygono the Cudgeller (level 7, 0/54 (56) HPs)
             Began as a Demonspawn Monk on Feb 16, 2021.
             Slain by a phantom (4 damage)
             ... on level 5 of the Dungeon.
             The game lasted 00:07:52 (5870 turns).

funkygono the Cudgeller (Demonspawn Monk)           Turns: 5870, Time: 00:07:53

HP:   0/54 (56)     AC: 13    Str: 19    XL:     7   Next: 96%
MP:   7/7           EV:  9    Int: 12    God:
Gold: 302           SH:  0    Dex: 15    Spells: 6/6 levels left

rFire    + . .     SeeInvis .   m - +2 whip
rCold    . . .     Faith    .   (no shield)
rNeg     . . .     Spirit   .   r - +0 chain mail
rPois    .         Reflect  .   (helmet restricted)
rElec    .         Harm     .   u - +2 cloak
rCorr    .         Rampage  .   (no gloves)
Will     .....                  c - +0 pair of boots
Stlth    ..........             (no amulet)
HPRegen  0.18/turn              l - ring of protection from fire
MPRegen  0.10/turn              j - +6 ring of strength

@: lightly drained
A: horns 2, miasma immunity
a: no special abilities


You were on level 5 of the Dungeon.
You visited 1 branch of the dungeon, and saw 5 of its levels.

You collected 302 gold pieces.

Inventory:

Hand Weapons
 a - a +1 mace
 m - a +2 whip (weapon)
Armour
 c - a +0 pair of boots (worn)
 r - a +0 chain mail (worn)
 u - a +2 cloak (worn)
Jewellery
 e - an uncursed ring of fire
 j - a +6 ring of strength (right hand)
 l - a ring of protection from fire (left hand)
 q - an uncursed ring of resist corrosion {unknown}
Wands
 t - a wand of digging (6)
Scrolls
 b - a scroll of fear {unknown}
 h - 3 scrolls of remove curse
 i - a scroll of magic mapping
 o - 2 scrolls of amnesia
Potions
 d - a potion of cancellation
 g - a potion of invisibility {unknown}
 k - a potion of flight
 n - 3 potions of curing
 p - 2 potions of magic


   Skills:
 + Level 5.5 Fighting
 + Level 6.1 Maces & Flails
 + Level 3.0 Armour
 + Level 3.6 Dodging
 + Level 2.6 Stealth


You had 6 spell levels left.
You didn't know any spells.
Your spell library contained the following spells:

 Spells                   Type           Power        Failure   Level
 Sandblast                Erth           0%           98%         1
 Passwall                 Tmut/Erth      0%           99%         2
 Stone Arrow              Conj/Erth      0%           100%        3
 Petrify                  Tmut/Erth      0%           100%        4
 Lee's Rapid Deconstruct  Erth           0%           100%        5


Dungeon Overview and Level Annotations

Branches:
Dungeon (5/15)
 Temple: D:4-7

Altars:
Ashenzari
Dithmenos
Hepliaklqana
Qazlal


Innate Abilities, Weirdness & Mutations

You have a pair of horns on your head.
You are immune to miasma.


Message History

You start resting.
A phantom is nearby!
A phantom is nearby!
You barely miss the phantom.
The phantom is severely damaged.
The phantom hits you but does no damage.
You hit the phantom.
The phantom is almost destroyed.
The phantom hits you but does no damage.
You closely miss the phantom.
The phantom is almost destroyed.
You feel less wooden.
Your +2 cloak unmelds from your body.
Your +0 pair of boots unmelds from your body.
Your +0 chain mail unmelds from your body.
The phantom completely misses you.
You hit the phantom.
The phantom is almost destroyed.
The phantom hits you.
You die...

#.## ##>....## ###...# #..##
##.......## ##..##.#
#####...####.........####..#...#
...........+.........+.......###
#####...####.........####...##
........# ##.......## ##..#
.####.#.# ##.....## ##.# #.#.#
##...## #.# ###.#.# ##@## #.#
#...#.########W##########.#
#.### #..................# . #.#
##.###.....##########
.##.###.#..........#
........#..##......#
##...####..##......#
#.....###..##......#
#.............##..##


You could see a phantom.

Vanquished Creatures
  A sky beast (D:5)
  An ogre (D:4)
  A scorpion (D:5)
  5 wights
  3 hounds
  A jelly (D:5)
  2 orc priests
  3 orc wizards
  An iguana (D:4)
  Ijyb (D:4)
  2 worker ants (D:4)
  3 gnolls (D:5)
  5 adders
  2 white imps
  An ufetubus (D:5)
  An adder skeleton (D:5)
  3 worms
  2 dart slugs
  4 leopard geckos
  9 orcs
  A giant cockroach (D:1)
  7 goblins
  11 hobgoblins
  3 jackals (D:3)
  7 kobolds
  A quokka (D:2)
  7 bats
  A leopard gecko skeleton (D:4)
  10 rats
99 creatures vanquished.

Vanquished Creatures (others)
  4 toadstools (D:1)
4 creatures vanquished.

Grand Total: 103 creatures vanquished

Notes
Turn   | Place    | Note
-------+----------+-------------------------------------------
     0 | D:1      | funkygono the Demonspawn Monk began the quest for the Orb.
     0 | D:1      | Reached XP level 1. HP: 18/18 MP: 1/1
    96 | D:1      | Gained mutation: You are immune to miasma. [demonic
                  | ancestry]
    96 | D:1      | Reached XP level 2. HP: 16/24 MP: 2/2
   303 | D:1      | Reached skill level 3 in Maces & Flails
  1175 | D:1      | Gained mutation: You have a pair of small horns on your
                  | head. [demonic ancestry]
  1175 | D:1      | Reached XP level 3. HP: 21/29 MP: 3/3
  2665 | D:3      | Reached XP level 4. HP: 21/35 MP: 4/4
  2671 | D:3      | Reached skill level 1 in Armour
  3023 | D:3      | Found a stormy altar of Qazlal.
  3077 | D:3      | Reached XP level 5. HP: 34/42 MP: 5/5
  3625 | D:4      | Reached skill level 4 in Maces & Flails
  3843 | D:4      | Reached XP level 6. HP: 13/48 MP: 6/6
  4363 | D:4      | Reached skill level 5 in Maces & Flails
  4446 | D:4      | Noticed Ijyb
  4467 | D:4      | Killed Ijyb
  4468 | D:4      | Reached skill level 5 in Fighting
  4893 | D:4      | Gained mutation: You have a pair of horns on your head.
                  | [demonic ancestry]
  4893 | D:4      | Reached XP level 7. HP: 56/56 MP: 7/7
  4897 | D:5      | Entered Level 5 of the Dungeon
  5083 | D:5      | Found a hazy altar of Hepliaklqana.
  5083 | D:5      | Found a shadowy altar of Dithmenos.
  5103 | D:5      | Noticed a shadow
  5255 | D:5      | Found a broken altar of Ashenzari.
  5775 | D:5      | Identified the +4 scale mail of Anaesthesia {Rampage rElec
                  | Str-5}
  5790 | D:5      | Reached skill level 6 in Maces & Flails
  5857 | D:5      | HP: 3/81 [phantom (2)]
  5870 | D:5      | Slain by a phantom

Illustrated notes

Levels and vault maps discovered:
D:1:      ldierk_walled_garden_2, layout_basic
D:2:      layout_loops_cross
D:3:      layout_rooms, nicolae_qazlal_eye_of_the_storm
D:4:      layout_basic, uniq_ijyb
D:5:      layout_loops_corners, riverfiend_overflow_shadow_ancestor,
          nicolae_ashenzari_panopticon, minmay_checkerbox

Skill      XL: |  1  2  3  4  5  6  7 |
---------------+----------------------+-----
Maces & Flails | 3 4 5 6 |  6.1
Stealth        | 2 |  2.6
Dodging        | 3 |  3.6
Armour         | 1 2 3 |  3.0
Fighting       | 4 5 |  5.5

Action                   |  1- 3 |  4- 6 |  7- 9 || total
-------------------------+-------+-------+-------++-------
Melee: Mace              |    99 |       |       ||    99
       Whip              |    15 |   171 |   137 ||   323
       Headbutt          |     7 |    40 |    23 ||    70
  Use: Scroll            |     7 |     5 |       ||    12
       Potion            |       |       |     1 ||     1
 Stab: Sleeping          |     2 |       |       ||     2
Armor: Robe              |     9 |       |       ||     9
       Leather armour    |     5 |       |       ||     5
       Chain mail        |     3 |    71 |    39 ||   113
       Skin              |       |       |    15 ||    15
Dodge: Dodged            |    80 |    64 |    26 ||   170
